 Dungeon Crawl Stone Soup version 0.21-a0-642-g5d013b2151 (webtiles) character file.

0 Manul the Ducker (level 1, -6/11 HPs)
             Began as a Spriggan Abyssal Knight on Dec 31, 2017.
             Was a Follower of Lugonu.
             Mangled by an ancient zyme (11 damage)
             ... on level 2 of the Abyss.
             The game lasted 00:00:58 (227 turns).

Manul the Ducker (Spriggan Abyssal Knight)           Turns: 227, Time: 00:00:58

Health: -6/11      AC:  2    Str:  8      XL:     1   Next: 0%
Magic:  3/3        EV: 18    Int: 12 (13) God:    Lugonu [*.....]
Gold:   126        SH:  0    Dex: 15      Spells: 0/0 levels left

rFire    . . .     SeeInvis +   a - +1 short sword
rCold    . . .     Gourm    .   (shield restricted)
rNeg     . . .     Faith    .   b - +0 robe
rPois    .         Spirit   .   (helmet restricted)
rElec    .         Reflect  .   (no cloak)
rCorr    .         Harm     .   (gloves unavailable)
MR       .....                  (boots unavailable)
Stlth    +.........             (no amulet)
HPRegen  0.00/turn              (no ring)
MPRegen  0.08/turn              (no ring)

@: non-regenerating, diseased, very quick
A: very small, unfitting armour, see invisible, herbivore, speed 3, slow
metabolism 2
a: Depart the Abyss, Renounce Religion


You were on level 2 of the Abyss.
You worshipped Lugonu.
Lugonu was aware of your devotion.
You were not hungry.

You visited 0 branches of the dungeon, and saw 0 of its levels.
You visited the Abyss 1 time.

You collected 126 gold pieces.

Inventory:

Hand Weapons
 a - a +1 short sword (weapon)
Armour
 b - a +0 robe (worn)
Comestibles
 c - a ration


   Skills:
 + Level 2.4 Fighting
 + Level 2.1 Short Blades
 + Level 3.5 Dodging
 + Level 1.7 Invocations


You couldn't memorise any spells.
You didn't know any spells.

Dungeon Overview and Level Annotations

Branches:
Dungeon (0/15)

Altars:


Innate Abilities, Weirdness & Mutations

You are very small and have problems with some larger weapons.
You are too small for most types of armour.
You have supernaturally acute eyesight. (SInv)
You are a herbivore.
You cover ground extremely quickly.
You need consume almost no food.


Message History

Tentacles burst from the starspawn's body! 2 starspawn tentacles come into view.
A tentacle flies out from the starspawn's body!
A starspawn tentacle comes into view.
A starspawn tentacle comes into view.
Found a scroll labeled QODACKAUTT.
You feel ill.
Tentacles burst from the starspawn's body! 2 starspawn tentacles come into view.
An ancient zyme is nearby!
An orb spider comes into view.
You barely miss the ancient zyme.
The orb spider hisses angrily.
The orb spider begins to weave its threads into a brightly glowing ball.
The ancient zyme barely misses you.
The ancient zyme hits you but does no damage.
You feel ill. The ancient zyme hits you!
Ouch! That really hurt!
You die...

#. ### ##.# . #... .#
#..#? ###.s# ##
#..#.## #.## # #
#..#.# ##. # ...
#####.x.# # #.## . #
#..##.@###.#...##.###
#.........#w ## . .#
#..#..#.X..# .....
#.#..#.#...#... ...ยง
#.....###.#..#....##
# ######. #.....#.
#.# #..##..##.#..# #.
##..#. ## #### #..##
#


You could see a tentacled starspawn and an ancient zyme.

Vanquished Creatures (others)
  6 starspawn tentacles (Abyss:2)
6 creatures vanquished.

Notes
Turn   | Place    | Note
-------+----------+-------------------------------------------
     0 | Abyss:1  | Manul the Spriggan Abyssal Knight began the quest for the Orb.
     0 | Abyss:1  | Reached XP level 1. HP: 11/11 MP: 3/3
    63 | Abyss:2  | Found a corrupted altar of Lugonu.
    79 | Abyss:2  | Found a radiant altar of Vehumet.
    86 | Abyss:2  | Found a corrupted altar of Lugonu.
    97 | Abyss:2  | Noticed a wretched star
   109 | Abyss:2  | Found a basalt altar of Yredelemnul.
   125 | Abyss:2  | Noticed an ice devil
   135 | Abyss:2  | Noticed an orange demon
   135 | Abyss:2  | Noticed a neqoxec
   141 | Abyss:2  | Noticed a wretched star
   158 | Abyss:2  | Noticed an ancient zyme
   171 | Abyss:2  | Noticed a shadow
   173 | Abyss:2  | Noticed a small abomination
   199 | Abyss:2  | Noticed a tentacled starspawn
   199 | Abyss:2  | Noticed an ancient zyme
   223 | Abyss:2  | Noticed an orb spider
   227 | Abyss:2  | Mangled by an ancient zyme

Vault maps used:
Abyss:1:  onia_ninara_dug_in_and_dangerous

Action                   || total
-------------------------++-------
Melee: Short sword       ||     3
  Use: Scroll            ||     2
Armor: Robe              ||     1
Dodge: Dodged            ||     5

Table legend:
 A = Spawn XP
 B = Non-spawn XP
 C = Spawn XP percentage of total XP
 D = Spawn monster count
 E = Non-spawn monster count
 F = Spawn count percentage of total count
 G = Total turns spent on level
                    A         B        C        D         E        F      G
               +---------+---------+-------+---------+---------+-------+---------
         Total |       0 |       0 |   N/A |       0 |       0 |   N/A |   227
               +---------+---------+-------+---------+---------+-------+---------
               +---------+---------+-------+---------+---------+-------+---------
